 Dungeon Crawl Stone Soup version 0.24.0-7-gb3623d2c88 (webtiles) character file.

Game seed: 6219882430685610932, levelgen mode: deterministic

671 Furryfag69 the Cleaver (level 7, 0/85 HPs)
             Began as a Minotaur Berserker on Nov 3, 2019.
             Was a Priest of Trog.
             Succumbed to a scorpion's poison
             ... on level 4 of the Dungeon.
             The game lasted 00:10:51 (5726 turns).

Furryfag69 the Cleaver (Minotaur Berserker)         Turns: 5726, Time: 00:10:52

Health: 0/85       AC: 23    Str: 22    XL:     7   Next: 32%
Magic:  6/6        EV:  2    Int:  9    God:    Trog [***...]
Gold:   211        SH:  0    Dex: 11    Spells: 6/6 levels left

rFire    + . .     SeeInvis .   a - +0 hand axe
rCold    + . .     Gourm    .   (no shield)
rNeg     + + +     Faith    .   (armour currently unavailable)
rPois    +         Spirit   .   (helmet currently unavailable)
rElec    +         Reflect  .   (cloak currently unavailable)
rCorr    +         Harm     .   (gloves currently unavailable)
MR       .....     NoTele   +   (boots currently unavailable)
Stlth    +.........             (no amulet)
HPRegen  0.24/turn              (no ring)
MPRegen  0.10/turn              (no ring)

@: brilliant, lethally poisoned (0 -> -2), tree-form, resistant, berserk
cooldown, slowed, very slow
A: (retaliatory headbutt)
a: Berserk, Trog's Hand, Renounce Religion


You were on level 4 of the Dungeon.
You worshipped Trog.
Trog was most pleased with you.
You were not hungry.
You were a tree.
You visited 1 branch of the dungeon, and saw 4 of its levels.

You collected 211 gold pieces.

Inventory:

Hand Weapons
 a - a +0 hand axe (weapon)
Armour
 b - a +1 animal skin (melded)
 n - a scarf of resistance (melded)
Jewellery
 m - a +5 ring of intelligence {unknown}
Scrolls
 f - 3 scrolls of teleportation
 h - a scroll of remove curse
 j - a scroll of enchant weapon
 o - a scroll of identify
Potions
 g - a potion of resistance
 l - a potion of brilliance
Comestibles
 c - 5 rations


   Skills:
 - Level 3.6 Fighting
 * Level 9.4 Axes
 - Level 2.4 Armour
 + Level 4.2 Dodging


You had 6 spell levels left.
You didn't know any spells.
Your spell library was empty.

Dungeon Overview and Level Annotations

Branches:
Dungeon (4/15)
 Temple: D:4-7

Altars:
Elyvilon
Gozag
Yredelemnul
The Shining One


Innate Abilities, Weirdness & Mutations

((You reflexively headbutt those who attack you in melee.))
((You have a pair of horns on your head.))


Message History

* * * LOW HITPOINT WARNING * * *
You feel sick.
There is a lethal amount of poison in your body!
There is a lethal amount of poison in your body!
There is a lethal amount of poison in your body!
There is a lethal amount of poison in your body!
There is a lethal amount of poison in your body!
You cannot move.
You cannot move.
You cannot move.
You cannot move.
You cannot move.
You cannot move.
Unknown command.
Okay, then.
You cannot move.
Okay, then.
Unknown command.
You feel clever all of a sudden.
You die...

≈≈≈...##...
#.....≈≈≈≈≈≈≈≈≈..#.#. #
#.#..≈≈≈≈≈≈≈≈≈≈≈...#.
#.##.#.≈≈≈≈≈≈≈≈≈≈≈≈≈..#.
#......≈≈≈≈≈≈_≈≈≈≈≈≈..#.
#.....≈≈≈≈≈≈≈≈≈≈≈≈≈....
#......≈≈≈≈≈≈≈≈≈≈≈....[
#..>....†≈≈≈≈≈≈≈≈≈.....
#.....♣))..≈≈≈≈≈...#...
#.......)........###...
.........####..#### #...
........######'######...
........# #.........#...
........# #.........#...
....##### #.............
.### #.........##..
######+#+###..


There were no monsters in sight!

Vanquished Creatures
  A phantom (D:4)
  2 scorpions (D:4)
  A quasit (D:3)
  2 hounds (D:4)
  2 iguanas (D:4)
  4 worker ants (D:4)
  A hound skeleton (D:3)
  11 gnolls
  4 adders
  A worm (D:3)
  4 dart slugs
  2 leopard geckos (D:2)
  3 orcs (D:3)
  7 bats
  7 giant cockroaches
  5 goblins
  8 hobgoblins
  5 jackals
  3 quokkas (D:3)
  7 frilled lizards
  11 kobolds
  4 rats
  A spectral orc (D:3)
96 creatures vanquished.

Notes
Turn   | Place    | Note
-------+----------+-------------------------------------------
     0 | D:1      | Furryfag69 the Minotaur Berserker began the quest for the
                  | Orb.
     0 | D:1      | Reached XP level 1. HP: 19/19 MP: 0/0
   196 | D:1      | Reached skill level 4 in Axes
   231 | D:1      | Reached XP level 2. HP: 16/26 MP: 1/1
  1237 | D:1      | Reached XP level 3. HP: 31/31 MP: 2/2
  1245 | D:1      | Reached skill level 5 in Axes
  1789 | D:2      | Reached ** piety under Trog
  1998 | D:2      | Reached XP level 4. HP: 16/39 MP: 3/3
  2822 | D:2      | Reached skill level 6 in Axes
  3219 | D:3      | Reached XP level 5. HP: 29/45 MP: 4/4
  3240 | D:3      | Reached *** piety under Trog
  3245 | D:3      | Reached skill level 7 in Axes
  3849 | D:3      | Found a glowing golden altar of the Shining One.
  3857 | D:3      | Found an opulent altar of Gozag.
  4164 | D:3      | Found a basalt altar of Yredelemnul.
  4295 | D:4      | Reached XP level 6. HP: 30/51 MP: 5/5
  5043 | D:4      | Reached skill level 8 in Axes
  5677 | D:4      | Found a white marble altar of Elyvilon.
  5692 | D:4      | Reached skill level 9 in Axes
  5692 | D:4      | Reached XP level 7. HP: 57/57 MP: 6/6
  5721 | D:4      | HP: 2/57 [poisoned by a scorpion]
  5726 | D:4      | Succumbed to a scorpion's poison

Levels and vault maps discovered:
D:1:      dpeg_cavernosity, layout_basic, minmay_misc_feat_rows,
          item_on_display_b
D:2:      layout_basic
D:3:      wad_woods_settlement, layout_basic,
          yredelemnul_forgotten_temple_becter, amethyst_overflow_temple_binary
D:4:      layout_basic, first_ration, lemuel_altar_in_water

Skill      XL: |  1  2  3  4  5  6 |
---------------+-------------------+-----
Axes           | 4 5 6 7 9 |  9.4
Dodging        | 3 4 |  4.2
Fighting       | |  3.6
Armour         | |  2.4

Action                   |  1- 3 |  4- 6 |  7- 9 || total
-------------------------+-------+-------+-------++-------
Melee: Hand axe          |    82 |   139 |    19 ||   240
       Headbutt          |     9 |    26 |     4 ||    39
Invok: Berserk           |       |     4 |       ||     4
  Use: Scroll            |     4 |     6 |     1 ||    11
       Potion            |       |       |     7 ||     7
  Eat: Chunk             |     3 |       |       ||     3
       Ration            |       |     4 |     1 ||     5
Armor: Animal skin       |     8 |    20 |     6 ||    34
Dodge: Dodged            |    58 |   114 |    27 ||   199
